 Dungeon Crawl Stone Soup version 0.30.1-11-g7821555f0a (webtiles) character file.

Game seed: 3805571852183701702

179 Wiggles the Chopper (level 5, 0/47 HPs)
             Began as a Minotaur Berserker on Nov 29, 2023.
             Was a Priest of Trog.
             Splashed by a jelly's acid (12 damage)
             ... in a sewer.
             The game lasted 00:03:17 (1830 turns).

Wiggles the Chopper (Minotaur Berserker)            Turns: 1830, Time: 00:03:17

Health: 0/47       AC: -2    Str: 24    XL:     5   Next: 32%
Magic:  4/4        EV: 11    Int:  4    God:    Trog [***...]
Gold:   103        SH:  5    Dex:  9    Spells: 4/4 levels left

rFire   . . .        a - +0 hand axe
rCold   . . .        (no shield)
rNeg    . . .        k - +0 ring mail
rPois   .            (helmet restricted)
rElec   .            c - scarf {+Inv}
rCorr   .            (no gloves)
SInv    .            (no boots)
Will    .....        d - amulet of reflection
Stlth   +            (no ring)
HPRegen 0.27/turn    (no ring)
MPRegen 0.09/turn

%: reflection
@: corroded, very slow
A: horns 2, retaliatory headbutt
a: Renounce Religion, Evoke Invisibility, Berserk, Trog's Hand


You were in a sewer.
You worshipped Trog.
Trog was most pleased with you.
You visited 1 branch of the dungeon, and saw 3 of its levels.
You also visited: Sewer.

You collected 103 gold pieces.

Inventory:

Hand Weapons
 a - a +0 hand axe (weapon)
Armour
 c - a scarf of invisibility (worn)
 k - a +0 ring mail (worn)
Jewellery
 d - an amulet of reflection (around neck)
Scrolls
 f - 3 scrolls of identify {unknown}
 h - a scroll of fog {unknown}
 j - a scroll of poison {unknown}
 l - a scroll of magic mapping {unknown}
 m - a scroll of fear {unknown}
 o - a scroll of noise {unknown}
Potions
 b - a potion of curing {unknown}
 e - 4 potions of heal wounds {unknown}
 g - 3 potions of haste {unknown}
 i - a potion of resistance {unknown}
 n - a potion of might {unknown}


   Skills:
 + Level 4.7 Fighting
 + Level 5.4 Axes
 + Level 3.3 Armour
 + Level 2.8 Dodging
 + Level 0.7 Stealth
 + Level 1.3 Shields


You had 4 spell levels left.
You didn't know any spells.
Your spell library was empty.

Dungeon Overview and Level Annotations

Branches:
Dungeon (3/15)              Sewer (1/1)

Altars:
Hepliaklqana


Innate Abilities, Weirdness & Mutations

You have a pair of horns on your head.
You reflexively headbutt those who attack you in melee.


Message History

The endoplasm freezes you.
You are frozen.
An endoplasm is nearby!
The endoplasm hits you but does no damage. x2
You hit the endoplasm. You headbutt the endoplasm.
You kill the endoplasm!
Trog accepts your kill.
A jelly comes into view.
Found a scroll labelled DOCECAEPES.
The jelly quivers.
A river rat comes into view.
Found a bubbling blue potion.
Found a shimmering altar of Xom.
The jelly hits you but does no damage. x2
Your unstable footing causes you to fumble your attack.
The jelly hits you.
You are splashed with acid!
The river rat barely misses you. You furiously retaliate!
You headbutt the river rat!
You are too injured to fight recklessly!
You are too injured to fight recklessly!
You are too injured to fight recklessly!
You are too injured to fight recklessly!
You hit the river rat but do no damage. You headbutt the river rat.
You kill the river rat!
Trog accepts your kill.
You completely miss the jelly. The jelly hits you but does no damage.
The jelly hits you but does no damage. The jelly hits you.
The acid corrodes you!
You are splashed with acid.
Your unstable footing causes you to fumble your attack.
The jelly barely misses you. You furiously retaliate!
You headbutt the jelly, but do no damage.
Your unstable footing causes you to fumble your attack.
The jelly hits you.
You are splashed with acid!
Your unstable footing causes you to fumble your attack.
The jelly closely misses you.
You slash the jelly!
Your hands burn!
The jelly is heavily wounded.
The jelly hits you.
* * * LOW HITPOINT WARNING * * *
The acid corrodes you!
You are splashed with acid!
You die...

~## ###. .~## #~.. .~~#
#.~. ######..## #
#####.~# ##.~~.#.~.##.
#.?...~# ##∩†.~.~~.~#..
#_.~.~.# #~..##†....~~~
#!.~~~J###~~##~~~.~.~~#
#.~.@~##~~#..~##~~..#
####.~~~~~##.##~....#
##~~..~.###...~~†~
####~~~~~.~.##~..
##~~~~.~# ##~~ ####..##
##~ #.~# ## #.~~. # .~


You could see a jelly.

Vanquished Creatures
  A gnoll (D:1)
  4 river rats (Sewer)
  6 adders
  A dart slug (D:1)
  6 bats
  9 endoplasms
  5 giant cockroaches
  8 goblins
  5 hobgoblins
  5 kobolds
  3 quokkas
  9 ball pythons
  8 frilled lizards
  8 rats
78 creatures vanquished.

Notes
Turn   | Place    | Note
-------+----------+-------------------------------------------
     0 | D:1      | Wiggles the Minotaur Berserker began the quest for the Orb.
     0 | D:1      | Reached XP level 1. HP: 19/19 MP: 0/0
    22 | D:1      | Reached skill level 4 in Axes
    22 | D:1      | Reached XP level 2. HP: 27/27 MP: 1/1
   508 | D:1      | Reached XP level 3. HP: 33/33 MP: 2/2
   520 | D:1      | Reached ** piety under Trog
   676 | D:2      | Found a hazy altar of Hepliaklqana.
  1047 | D:2      | Reached XP level 4. HP: 27/41 MP: 3/3
  1505 | D:3      | Found a glowing drain.
  1527 | D:3      | Reached skill level 5 in Axes
  1527 | D:3      | Reached *** piety under Trog
  1528 | D:3      | Reached skill level 1 in Shields
  1639 | Sewer    | Entered a sewer
  1660 | Sewer    | Reached XP level 5. HP: 46/47 MP: 4/4
  1822 | Sewer    | Found a shimmering altar of Xom.
  1830 | Sewer    | Splashed by a jelly's acid

Illustrated notes

Levels and vault maps discovered:
D:1:      lemuel_arrival_behind_the_door_large, layout_basic
D:2:      layout_rooms, basic_altar, kennysheep_generic_room_11
D:3:      layout_loops_cross, zin_purify, gup_sewer_entry_glass,
          shapermc_ecumenical_altar_gd
Sewer:    sewer_hellmonk_slimy_pipes

Skill      XL: |  1  2  3  4 |
---------------+-------------+-----
Fighting       | 4 |  4.7
Axes           | 4 5 |  5.4
Armour         | 3 |  3.3
Shields        | 1 |  1.3
Dodging        | |  2.8
Stealth        | |  0.7

Action                     |  1- 3 |  4- 6 || total
---------------------------+-------+-------++-------
  Melee: Hand axe          |    82 |    78 ||   160
         Headbutt          |    13 |     8 ||    21
 Invoke: Berserk           |     1 |       ||     1
   Stab: Sleeping          |     1 |       ||     1
 Armour: Animal skin       |     4 |       ||     4
         Leather armour    |    13 |     2 ||    15
         Ring mail         |       |    22 ||    22
  Dodge: Dodged            |    50 |    46 ||    96
  Block: Other             |    17 |    24 ||    41
